 Dungeon Crawl Stone Soup version 0.31-a0-182-gc5ef74bbde (webtiles) character file.

Game seed: 5204270876869383086

100 qw the Chopper (level 4, 0/28 HPs)
             Began as a Gargoyle Fighter on June 21, 2023.
             Slain by a gnoll
             ... wielding a +0 halberd
              (12 damage)
             ... on level 2 of the Dungeon.
             The game lasted 00:00:33 (1236 turns).

qw the Chopper (Gargoyle Fighter)                   Turns: 1236, Time: 00:00:34

Health: 0/28       AC: 10    Str: 22    XL:     4   Next: 74%
Magic:  4/4        EV:  9    Int:  8    God:
Gold:   55         SH:  4    Dex:  9    Spells: 3/3 levels left

rFire   . . .        Y - +0 war axe
rCold   . . .        c - +0 buckler
rNeg    + . .        b - +0 scale mail
rPois   inf          (no helmet)
rElec   +            (no cloak)
rCorr   .            (no gloves)
SInv    .            (no boots)
Will    .....        (no amulet) Stlth
                     (no ring)
HPRegen 0.24/turn    (no ring)
MPRegen 0.09/turn

%: no passive effects
@: no status effects
A: sickness immunity, AC +3, negative energy resistance 1, electricity
resistance, torment resistance 1, petrification resistance
a: no special abilities


You were on level 2 of the Dungeon.
You visited 1 branch of the dungeon, and saw 2 of its levels.

You collected 55 gold pieces.


Innate Abilities, Weirdness & Mutations

You are immune to sickness and miasma.
Your stone body is resilient. (AC +3)
You are immune to poison.
You resist negative energy. (rN+)
You are resistant to electric shocks. (rElec)
You are resistant to unholy torment.
You are immune to petrification.


   Skills:
 - Level 3.2 Fighting
 + Level 4.3 Axes
 - Level 3.2 Armour
 - Level 3.2 Shields


You had 3 spell levels left.
You didn't know any spells.
Your spell library was empty.

Inventory:

Hand Weapons
 f - a +0 flail
 Y - a +0 war axe (weapon)
Armour
 b - a +0 scale mail (worn)
 c - a +0 buckler (worn)
 i - a +0 helmet
 o - a +0 chain mail
Jewellery
 a - an amulet of guardian spirit
Scrolls
 e - a scroll of poison {unknown}
 g - a scroll of enchant weapon {unknown}
 h - a scroll of vulnerability {unknown}
 k - 2 scrolls of teleportation {unknown}
 l - 2 scrolls of amnesia {unknown}
 m - a scroll of butterflies {unknown}
Potions
 d - a potion of might
 j - a potion of mutation {unknown}
 n - a potion of enlightenment {unknown}

Dungeon Overview and Level Annotations

Branches:
Dungeon (2/15)

Altars:
Vehumet


Message History

Enter note:
Enter note:
There is an open door here.
There is a stone staircase leading down here.
k - 2 scrolls labelled XIVUNIADEY (gained 1)
A gnoll comes into view. It is wielding a +0 whip.
The gnoll shouts!
You hear a shout!
Enter note:
Enter note: A gnoll comes into view. It is wielding a +0 whip.
You slash the gnoll!
The gnoll is severely wounded.
A gnoll comes into view. It is wielding a +0 halberd.
The gnoll hits you but does no damage.
The gnoll shouts!
You hit the gnoll.
The gnoll is severely wounded.
The gnoll hits you with a +0 whip. The gnoll hits you but does no damage.
You slash the gnoll!
You kill the gnoll!
You slash the gnoll!
The gnoll is severely wounded.
The gnoll barely misses you.
You barely miss the gnoll.
The gnoll is severely wounded.
The gnoll barely misses you.
The gnoll hits you from afar with a +0 halberd.
The gnoll barely misses you.
You hit the gnoll.
You kill the gnoll!
The gnoll hits you from afar with a +0 halberd!
You block the gnoll's attack.
Things that are here:
a +0 whip; a +0 whip; a gnoll corpse
Enter note:
Enter note: You slash the gnoll!
The gnoll is almost dead.
The gnoll hits you with a +0 halberd!
You die...

###
.....###################
.....'g@................
.....############.....##
... #.....# . #.....#
#######


You could see a gnoll.

Vanquished Creatures
  Jessica (D:2)
  Robin (D:2)
  2 gnolls (D:2)
  2 dart slugs (D:1)
  2 ball pythons (D:2)
  2 bats (D:1)
  6 endoplasms
  2 giant cockroaches
  2 hobgoblins
  A quokka (D:2)
  2 frilled lizards (D:1)
  10 goblins
  5 kobolds
  2 rats
40 creatures vanquished.

Notes
Turn   | Place    | Note
-------+----------+-------------------------------------------
     0 | D:1      | qw the Gargoyle Fighter began the quest for the Orb.
     0 | D:1      | Reached XP level 1. HP: 14/14 MP: 1/1
     0 | D:1      | 0 ||| qw: Version: 0.3-a-9-g12657ce
     0 | D:1      | 0 ||| qw: Game counter: 1596
     0 | D:1      | 0 ||| qw: Always use a shield: true
     0 | D:1      | 0 ||| qw: God list: Okawaru
     0 | D:1      | 0 ||| qw: Allow faded altars: false
     0 | D:1      | 0 ||| qw: Do Orc after D:15 true
     0 | D:1      | 0 ||| qw: Do second Lair branch before Depths: true
     0 | D:1      | 0 ||| qw: Lair rune preference: random
     0 | D:1      | 0 ||| qw: Plans: Normal, Zot:1-4, Slime:5, God:TSO, Crypt,
                  | Tomb, Abyss, Pan, Hells, Win
     0 | D:1      | 0 ||| PLANNING D:1-11
    61 | D:1      | 61 ||| Stepping ~*~*~tactically~*~*~ (hiding).
    69 | D:1      | Reached skill level 2 in Axes
   406 | D:1      | Reached XP level 2. HP: 19/19 MP: 2/2
   532 | D:1      | Found a faded altar of an unknown god.
   725 | D:1      | Reached skill level 3 in Axes
   909 | D:1      | 909 ||| READING scroll labelled QOOTHA OHODI.
   910 | D:1      | 910 ||| READING scroll labelled AZUBAU UTATWUO.
   966 | D:2      | Reached XP level 3. HP: 23/23 MP: 3/3
   992 | D:2      | Found a radiant altar of Vehumet.
  1010 | D:2      | 1010 ||| DROPPING +0 club.
  1023 | D:2      | 1023 ||| Stepping ~*~*~tactically~*~*~ (hiding).
  1024 | D:2      | Noticed Robin
  1033 | D:2      | Killed Robin
  1080 | D:2      | Noticed Jessica
  1087 | D:2      | Killed Jessica
  1088 | D:2      | Reached skill level 4 in Axes
  1088 | D:2      | Reached XP level 4. HP: 23/28 MP: 4/4
  1236 | D:2      | Slain by a gnoll

Levels and vault maps discovered:
D:1:      wander_arrival_peaceful_grave, layout_loops_corners,
          chequers_ecumenical_altar_simple_redux
D:2:      layout_basic, basic_altar, uniq_robin, uniq_jessica

Skill      XL: |  1  2  3 |
---------------+----------+-----
Axes           | 2 3 4 |  4.3
Fighting       | |  3.2
Armour         | |  3.2
Shields        | |  3.2

Action                     |  1- 3 |  4- 6 || total
---------------------------+-------+-------++-------
  Melee: War axe           |    75 |     8 ||    83
    Use: Scroll            |     2 |       ||     2
 Armour: Scale mail        |    35 |     2 ||    37
  Dodge: Dodged            |    35 |     3 ||    38
  Block: Buckler           |    20 |     1 ||    21

Table legend:
 A = Non-vault XP
 B = Vault XP
 C = Vault XP percentage of total XP
 D = Non-vault monster count
 E = Vault monster count
 F = Vault count percentage of total count
                 A         B        C        D         E       F
            +---------+---------+-------+---------+---------+-------
      Total |      74 |      70 |  48.6 |      28 |      12 |  30.0
            +---------+---------+-------+---------+---------+-------
        D:1 |      31 |       0 |   0.0 |      17 |       0 |   0.0
        D:2 |      43 |      70 |  61.9 |      11 |      12 |  52.2
            +---------+---------+-------+---------+---------+-------
